 Dungeon Crawl Stone Soup version 0.32-a0-411-g744942f433 (webtiles) character file.

Game seed: 16675864951713083259

67 CougarLife the Digger (level 4, -6/24 HPs)
             Began as a Gargoyle Earth Elementalist on Feb 21, 2024.
             Killed from afar by an orc wizard (9 damage)
             ... with a puff of flame
             ... on level 2 of the Dungeon.
             The game lasted 00:01:03 (1270 turns).

CougarLife the Digger (Gargoyle Earth Elementalist) Turns: 1270, Time: 00:01:04

Health: -6/24      AC:  5    Str: 12    XL:     4   Next: 18%
Magic:  4/8        EV: 11    Int: 17    God:
Gold:   42         SH:  0    Dex: 10    Spells: 4/8 levels left

rFire   . . .        c - +0 dagger
rCold   . . .        (no shield)
rNeg    + . .        a - +0 robe
rPois   ∞            (no helmet)
rElec   +            (no cloak)
rCorr   .            (no gloves)
SInv    .            (no boots)
Will    .....        (no amulet)
Stlth   ++           (no ring)
HPRegen 0.24/turn    (no ring)
MPRegen 0.11/turn

%: no passive effects
@: no status effects
A: sickness immunity, AC +3, negative energy resistance 1, electricity
resistance, torment resistance 1, petrification resistance
a: no special abilities


You were on level 2 of the Dungeon.
You visited 1 branch of the dungeon, and saw 3 of its levels.

You collected 42 gold pieces.

Inventory:

Hand Weapons
 c - a +0 dagger (weapon)
Armour
 a - a +0 robe (worn)
Scrolls
 d - a scroll of enchant weapon {unknown}
 e - 4 scrolls of identify {unknown}
 h - a scroll of fear {unknown}
 i - a scroll of silence {unknown}
 j - a scroll of teleportation {unknown}
 m - a scroll of amnesia {unknown}
Potions
 b - a potion of magic
 f - 2 potions of haste {unknown}
 g - a potion of brilliance {unknown}
 k - a potion of lignification {unknown}
 l - a potion of degeneration {unknown}


   Skills:
 - Level 1.5 Dodging
 - Level 2.1 Stealth
 + Level 2.8 Spellcasting
 + Level 2.5 Conjurations
 + Level 4.4 Earth Magic


You had 4 spell levels left.
You knew the following spells:

 Your Spells              Type           Power      Damage    Failure   Level
a - Sandblast             Erth           34%        2d9       2%          1
b - Stone Arrow           Conj/Erth      28%        3d8       13%         3

Your spell library contained the following spells:

 Spells                   Type           Power      Damage    Failure   Level
 Passwall                 Erth           17%        N/A       9%          3
 Brom's Barrelling Bould  Conj/Erth      14%        2d4       38%         4
 Petrify                  Alch/Erth      10%        N/A       56%         4


Dungeon Overview and Level Annotations

Branches:
Dungeon (3/15)

Altars:


Innate Abilities, Weirdness & Mutations

You are immune to sickness and miasma.
Your stone body is resilient. (AC +3)
You are immune to poison.
You resist negative energy. (rN+)
You are resistant to electric shocks. (rElec)
You are resistant to unholy torment.
You are immune to petrification.


Message History

The blast of sand hits the orc.
You kill the orc!
The orc hits you with a +0 flail.
* * * LOW HITPOINT WARNING * * *
The orc hits you with a +0 dagger.
* * * LOW HITPOINT WARNING * * *
The orc hits you with a +0 flail.
* * * LOW HITPOINT WARNING * * *
The orc attacks as it pursues you! The orc barely misses you.
There is a stone staircase leading down here.
You climb downwards.
The orc wizard shouts!
The orc shouts!
There is a stone staircase leading up here.
The orc misses you.
The orc wizard gestures at you while chanting.
You resist with some effort.
You climb upwards.
The orc hits you with a +0 flail.
* * * LOW HITPOINT WARNING * * *
The orc hits you but does no damage.
There is a stone staircase leading down here.
Casting: Sandblast (safe; 2% risk of failure)
Confirm with . or Enter, or press ? or * to list all spells.
Aiming: Sandblast (safe; 2% risk of failure)
Press: ? - help, Shift-Dir - straight line, f - orc
Aim: an orc, wielding a +0 flail (82% to hit)
The blast of sand hits the orc!
You kill the orc!
The orc wizard barely misses you. The orc completely misses you.
The orc wizard hits you but does no damage.
Casting: Sandblast (safe; 2% risk of failure)
Confirm with . or Enter, or press ? or * to list all spells.
Aiming: Sandblast (safe; 2% risk of failure)
Press: ? - help, Shift-Dir - straight line, f - orc wizard
Aim: an orc wizard, wielding a +0 dagger and wearing a +0 robe (77% to hit)
The blast of sand hits the orc wizard!
The orc wizard is almost dead.
The orc hits you but does no damage.
The orc wizard points at you and mumbles some strange words.
The puff of flame hits you!
You die...

#.# ### #.########### #..
#...........# #.#
#....######.# #..
#.##.######.###..
#.#####.##.##..........
#.............##..###..
##.#####.#####~≈...###..
......)@.####.~~~.....♣.
###....oo...##♣~~.♣..~.~.
...####..#.##..~.~.~..≈.
####.####o.#...~.♣...♣.♣..
#............##.≈~....≈.~.
........#......♣~....≈~~..
......)##.........~.....♣.
.....).'.......~~..~...≈~.
....... ...#........≈.....


You could see an orc wizard and 2 orcs.

Vanquished Creatures
  2 dart slugs (D:1)
  3 orcs (D:2)
  3 ball pythons (D:1)
  4 bats
  2 endoplasms (D:1)
  3 giant cockroaches
  3 goblins (D:1)
  A hobgoblin (D:1)
  3 quokkas
  3 frilled lizards (D:1)
  3 kobolds
  3 rats
33 creatures vanquished.

Notes
Turn   | Place    | Note
-------+----------+-------------------------------------------
     0 | D:1      | CougarLife the Gargoyle Earth Elementalist began the quest
                  | for the Orb.
     0 | D:1      | Reached XP level 1. HP: 10/10 MP: 3/3
    77 | D:1      | Reached XP level 2. HP: 11/15 MP: 0/5
   165 | D:1      | Reached skill level 4 in Earth Magic
   431 | D:1      | Reached XP level 3. HP: 15/19 MP: 3/6
  1160 | D:2      | Reached XP level 4. HP: 24/24 MP: 6/8
  1164 | D:2      | Learned a level 3 spell: Stone Arrow
  1259 | D:2      | HP: 1/24 [orc/+0 flail (4)]
  1270 | D:2      | Killed from afar by an orc wizard

Illustrated notes

Levels and vault maps discovered:
D:1:      minmay_arrival_open_corners, layout_basic
D:2:      layout_basic, chequers_serial_rivers_marsh
D:3:      layout_loops_ring, tgw_sif

Skill      XL: |  1  2 |
---------------+-------+-----
Earth Magic    | 4 |  4.4
Conjurations   | 2 |  2.5
Dodging        | |  1.5
Stealth        | |  2.1
Spellcasting   | |  2.8

Action                     |  1- 3 |  4- 6 || total
---------------------------+-------+-------++-------
  Melee: Unarmed           |     9 |       ||     9
         Dagger            |    15 |       ||    15
   Cast: Sandblast         |    36 |     8 ||    44
 Armour: Robe              |    25 |    11 ||    36
  Dodge: Dodged            |    37 |     6 ||    43

Table legend: (Time is in decaauts)
 A = Elapsed time spent in this place.
 B = Non-inter-level travel time spent in this place.
 C = Inter-level travel time spent in this place.
 D = Time resting spent in this place.
 E = Time spent auto-exploring this place.
 F = Levels seen in this place.
 G = Mean time per level.
                   A        B        C        D        E       F      G
               +--------+--------+--------+--------+--------+-----+--------+
         Total |   1291 |   1271 |     20 |     68 |    972 |   3 |  430.3 |
       Dungeon |   1291 |   1271 |     20 |     68 |    972 |   3 |  430.3 |
               +--------+--------+--------+--------+--------+-----+--------+

Top non-repeatable levels by time:
     D:1: 1026 daAuts
     D:2: 262 daAuts
     D:3: 1 daAuts
